 Dungeon Crawl Stone Soup version 0.17-a0-1197-g2d00c63 (webtiles) character file.

25457 Fluffy the Protected (level 12, -3/113 HPs)
             Began as a Minotaur Fighter on June 2, 2015.
             Was a High Priest of Okawaru.
             Slain by Rupert
             ... wielding a +1 triple sword of flaming
              (23 damage)
             ... on level 3 of the Lair of Beasts.
             The game lasted 00:47:04 (13852 turns).

Fluffy the Protected (Minotaur Fighter)            Turns: 13852, Time: 00:47:04

Health: -3/113     AC: 23    Str: 22    XL:     12   Next: 89%
Magic:  20/25      EV: 10    Int: 14    God:    Okawaru [*****.]
Gold:   878        SH: 16    Dex: 14    Spells: 0 memorised, 11 levels left

rFire  . . .     SeeInvis .     L - +4 scimitar (flame)
rCold  + . .     Clarity  .     Q - +1 plate armour {rC+}
rNeg   . . .     SustAt   .     c - +1 shield
rPois  .         Gourm    .     (helmet restricted)
rElec  .         Spirit   .     (no cloak)
rCorr  .         Warding  .     (no gloves)
rMut   .         Stasis   .     z - +2 pair of boots
MR     .....                    w - amulet of regeneration
Stlth  ..........               H - +5 ring of intelligence
                                u - ring "Ywirafe" {MP+9 Int+4 Stlth+}

@: heroism, finesse, hasted, very quick, not resistant to hostile enchantments,
extremely unstealthy
A: retaliatory headbutt, horns 2, molten scales 1
a: Heroism, Finesse, Renounce Religion


You were on level 3 of the Lair of Beasts.
You worshipped Okawaru.
Okawaru was extremely pleased with you.
You were hungry.

You visited 3 branches of the dungeon, and saw 15 of its levels.
You also visited: Labyrinth and Ice Cave.

You collected 878 gold pieces.

Inventory:

Hand weapons
 t - a +3 great sword of holy wrath
 L - a +4 scimitar of flaming (weapon)
Armour
 c - a +1 shield (worn)
 z - a +2 pair of boots (worn)
 G - a +2 scale mail of poison resistance
 M - the +5 ring mail of the Prince {rN+ Slay+2}
   (You found it in a labyrinth)

   It affects your accuracy and damage with ranged weapons and melee attacks
   (+2).
   It protects you from negative energy.
 Q - a +1 plate armour of cold resistance (worn)
Jewellery
 u - the ring "Ywirafe" (left hand) {MP+9 Int+4 Stlth+}
   (You found it in a labyrinth)

   [ring of magical power]

   It affects your intelligence (+4).
   It affects your magic capacity (+9).
   It makes you more stealthy.
 w - an amulet of regeneration (around neck)
 H - a +5 ring of intelligence (right hand)
Magical devices
 j - a wand of fire (0)
 k - a wand of hasting (9)
 v - a wand of fireball (0)
 x - a wand of teleportation (1)
 y - a wand of fireball (0)
 E - a wand of slowing (3)
 F - a wand of lightning (12)
 O - a wand of flame (8)
Scrolls
 g - 3 scrolls of enchant weapon
 i - 2 scrolls of recharging
 l - 8 scrolls of remove curse
 m - a scroll of teleportation
 p - 3 scrolls of fear
 q - 5 scrolls of enchant armour
 s - 2 scrolls of fog
Potions
 a - 3 potions of agility
 b - 3 potions of curing
 d - 5 potions of might
 f - a potion of beneficial mutation
 h - 2 potions of ambrosia
 o - 2 potions of flight
 A - 4 potions of invisibility
 C - 2 potions of haste
 D - a potion of cancellation {unknown}
 I - 3 potions of poison {unknown}
 N - a potion of cure mutation {unknown}
 P - 2 potions of resistance {unknown}
Comestibles
 e - 8 bread rations
 n - 3 beef jerkies
 B - 5 meat rations
 J - 7 royal jellies


   Skills:
 + Level 12.6(17.6) Fighting
 + Level 12.3(17.3) Long Blades
 + Level 12.7(17.7) Armour
 - Level 12.4(17.4) Shields
 + Level 7.8 Invocations


You had 11 spell levels left.
You didn't know any spells.

Dungeon Overview and Level Annotations

Branches:
Dungeon (11/15)            Temple (1/1) D:7            Lair (3/8) D:11
  Swamp: Lair:3-6    Shoals: Lair:3-6     Snake: Lair:3-6    Spider: Lair:3-6
    Orc: D:9-12

Altars:
Ashenzari
Cheibriados
Dithmenos
Elyvilon
Fedhas
Gozag
Kikubaaqudgha
Makhleb
Nemelex Xobeh
Okawaru
Qazlal
Ru
Sif Muna
Trog
Vehumet
Xom
Yredelemnul
Zin
The Shining One

Annotations:
D:11 exclusion: obsidian statue
Lair:3 Rupert


Innate Abilities, Weirdness & Mutations

You reflexively headbutt those who attack you in melee.
You have a pair of horns on your head.
You are partially covered in molten scales (AC +1).


Message History

You slash Rupert! You burn Rupert.
Rupert is lightly wounded.
You hit Rupert but do no damage. You headbutt Rupert.
Rupert is moderately wounded.
You slash Rupert! You burn Rupert.
Rupert is moderately wounded.
Rupert hits you with a triple sword of flaming!
* * * LOW HITPOINT WARNING * * *
Rupert burns you.
* * * LOW HITPOINT WARNING * * *
Drink which item? (? for menu, Esc to quit)
You feel much better.
Rupert hits you with a triple sword of flaming!!
* * * LOW HITPOINT WARNING * * *
Rupert burns you.
* * * LOW HITPOINT WARNING * * *
Drink which item? (? for menu, Esc to quit)
You feel yourself speed up.
Rupert hits you with a triple sword of flaming!!
You die...

#..# .. #..#
##. ..#
#..###... ..P#
#......
....###....#
...........##
.......<....#
..###P......##
##.@.....#
#P@/....#
#......?##
#.P..#.....
...P####...
...### ...
...# .# ...#


You could see Rupert (berserk).

Vanquished Creatures
  A frost giant (IceCv)
  A minotaur (Lab)
  2 hydras
  Erica (D:8)
  Urug (D:11)
  A hill giant (D:11)
  An ice statue (IceCv)
  2 unseen horrors
  A manticore (D:10)
  A black mamba (Lair:2)
  Joseph (D:9)
  3 spiny frogs
  A fire drake (Lair:2)
  13 polar bears (IceCv)
  A two-headed ogre (D:8)
  A queen bee (D:8)
  5 blink frogs (Lair:1)
  17 yaks
  2 trapdoor spiders (Lab)
  A shadow (D:11)
  A wyvern (D:11)
  A hungry ghost (D:10)
  A hippogriff (Lair:2)
  Edmund (D:5)
  4 water moccasins
  9 porcupines
  3 sky beasts
  8 wolves (IceCv)
  3 ice beasts
  2 necrophages
  A black bear (D:6)
  6 orc warriors
  4 centaurs
  5 phantoms
  5 ogres
  2 big kobolds
  4 crocodiles
  11 giant frogs
  A wyvern zombie (D:7)
  23 killer bees (D:8)
  3 jellies
  4 scorpions
  13 wights
  5 hounds
  5 crimson imps
  A giant frog zombie (D:5)
  6 orc wizards
  An iron imp (D:9)
  4 orc priests
  Ijyb (D:3)
  A centaur skeleton (D:4)
  10 worker ants
  9 iguanas
  A worker ant zombie (D:10)
  11 adders
  2 river rats
  2 shadow imps (D:7)
  An ooze (D:5)
  4 worms
  3 giant geckos
  39 orcs
  A bat skeleton (D:8)
  3 giant cockroaches
  19 goblins
  13 hobgoblins
  21 bats
  3 giant newts
  8 jackals
  24 kobolds
  A quokka (D:2)
  A quokka skeleton (D:7)
  25 rats
  A spectral orc (D:9)
  A fungus (D:11)
399 creatures vanquished.

Notes
Turn   | Place    | Note
--------------------------------------------------------------
     0 | D:1      | Fluffy the Minotaur Fighter began the quest for the Orb.
     0 | D:1      | Reached XP level 1. HP: 19/19 MP: 0/0
   102 | D:1      | Reached XP level 2. HP: 27/27 MP: 1/1
   906 | D:2      | Reached skill level 4 in Fighting
   919 | D:2      | Found a shattered altar of Ashenzari.
   953 | D:2      | Reached XP level 3. HP: 33/33 MP: 2/2
  1477 | D:3      | Reached XP level 4. HP: 40/40 MP: 3/3
  1666 | D:3      | Noticed Ijyb
  1675 | D:3      | Killed Ijyb
  2132 | D:4      | Noticed a centaur
  2142 | D:4      | Killed a centaur
  2142 | D:4      | Reached XP level 5. HP: 13/47 MP: 4/4
  2397 | D:4      | Reached skill level 5 in Fighting
  2397 | D:4      | Reached skill level 5 in Armour
  2397 | D:4      | Reached skill level 5 in Shields
  2400 | D:4      | Reached XP level 6. HP: 42/56 MP: 5/5
  3086 | D:4      | Noticed an ice beast
  3096 | D:4      | Killed an ice beast
  3232 | D:5      | Entered Level 5 of the Dungeon
  3321 | D:5      | Reached skill level 5 in Long Blades
  3325 | D:5      | Reached XP level 7. HP: 32/62 MP: 6/6
  3502 | D:5      | Reached skill level 6 in Shields
  3981 | D:5      | Noticed Edmund
  4002 | D:5      | Killed Edmund
  4002 | D:5      | Reached XP level 8. HP: 41/71 MP: 7/7
  4463 | D:5      | Reached skill level 7 in Shields
  5030 | D:6      | Got a fine ring mail
  5302 | D:6      | Killed an unseen horror
  5302 | D:6      | Reached skill level 8 in Fighting
  5302 | D:6      | Reached XP level 9. HP: 58/81 MP: 8/8
  6014 | D:7      | Found a staircase to the Ecumenical Temple.
  6023 | Temple   | Entered the Ecumenical Temple
  6104 | Temple   | Became a worshipper of Warmaster Okawaru
  6204 | D:7      | Reached skill level 1 in Invocations
  6533 | D:8      | Reached skill level 9 in Armour
  6561 | D:8      | Acquired Okawaru's first power
  6642 | D:8      | Noticed Erica
  6654 | D:8      | Killed Erica
  6654 | D:8      | Reached XP level 10. HP: 59/91 MP: 9/11
  6872 | D:8      | Found a glowing golden altar of the Shining One.
  6960 | D:8      | Reached skill level 10 in Armour
  7369 | D:8      | Found a bloodstained altar of Trog.
  7447 | D:8      | Identified the +2 ring mail of Zuwaacw {Dex+5} (You found it on level 6 of the Dungeon)
  7492 | D:9      | Reached skill level 10 in Fighting
  7612 | D:9      | Reached skill level 10 in Shields
  7756 | D:9      | Found a stormy altar of Qazlal.
  7857 | D:9      | Found a basalt altar of Yredelemnul.
  7857 | D:9      | Noticed Joseph
  7873 | D:9      | Killed Joseph
  7947 | D:9      | Found a snail-covered altar of Cheibriados.
  8065 | D:10     | Entered Level 10 of the Dungeon
  8097 | D:10     | Noticed a manticore
  8105 | D:10     | Killed a manticore
  8136 | D:10     | Reached skill level 10 in Long Blades
  8171 | D:10     | Reached XP level 11. HP: 80/101 MP: 13/13
  8353 | D:10     | Gained mutation: You are partially covered in molten scales (AC +1). [potion of beneficial mutation]
  8379 | D:10     | Killed an unseen horror
  8451 | D:10     | Reached skill level 5 in Invocations
  8982 | D:9      | Found a sacrificial altar of Ru.
  9017 | D:11     | Found a labyrinth entrance.
  9023 | Lab      | Entered a labyrinth
  9854 | Lab      | Noticed a minotaur
  9865 | Lab      | Killed a minotaur
  9868 | Lab      | Got a coiled wooden ring
  9869 | Lab      | Got a diamond-encrusted ring mail
  9907 | D:10     | Identified the ring "Ywirafe" {MP+9 Int+4 Stlth+} (You found it in a labyrinth)
  9934 | D:10     | Identified the +5 ring mail of the Prince {rN+ Slay+2} (You found it in a labyrinth)
  9934 | D:10     | Identified a +3 rod of shadows (14/14) (You found it in a labyrinth)
 10016 | D:11     | Found a staircase to the Lair.
 10106 | D:11     | Acquired Okawaru's second power
 10117 | D:11     | Noticed Urug
 10125 | D:11     | Killed Urug
 10125 | D:11     | Reached skill level 11 in Armour
 10192 | D:11     | Noticed a hill giant
 10194 | D:11     | Noticed an obsidian statue
 10206 | D:11     | Killed a hill giant
 10865 | Lair:1   | Entered Level 1 of the Lair of Beasts
 10921 | Lair:1   | Received a gift from Okawaru
 11797 | Lair:1   | Noticed a four-headed hydra
 11808 | Lair:1   | Killed a one-headed hydra
 11808 | Lair:1   | Reached XP level 12. HP: 69/110 MP: 15/15
 12225 | Lair:1   | Got a warped long sword
 12226 | Lair:1   | Identified the +1 long sword "Vec Ojos" {slice, rC- rN++ Int+2} (You found it on level 1 of the Lair of Beasts)
 12311 | Lair:2   | Found a frozen archway.
 12316 | IceCv    | Entered an ice cave
 12368 | IceCv    | Reached skill level 12 in Armour
 12771 | IceCv    | Received a gift from Okawaru
 12887 | IceCv    | Noticed a frost giant
 12906 | IceCv    | Killed a frost giant
 13420 | Lair:2   | Noticed a four-headed hydra
 13424 | Lair:2   | Killed a two-headed hydra
 13832 | Lair:3   | Noticed Rupert
 13835 | Lair:3   | Paralysed by Rupert for 7 turns
 13852 | Lair:3   | Slain by Rupert

Vault maps used:
D:1:      tarquinn_simple_flora_water_c, serial_co_window_serial,
          co_window_of_opportunity_a, co_window_of_opportunity_a,
          co_window_corner_a, co_window_corner_a, co_window_paths_a,
          co_window_broadway_a, co_window_unsneaky_path_e, co_window_paths_c,
          co_window_corner_cb, co_window_cross_2, co_window_corner_b,
          co_window_broadway_a, glass_columns_c, glass_columns_a
D:2:      lemuel_coloured_pillars_altar
D:3:      uniq_iyjb
D:4:      first_bread, minmay_misc_feat_nine_boxes
D:5:      minmay_misc_feat_tiny, uniq_edmund
D:6:      minmay_small_thing
D:7:      minmay_temple_entry_nine_rooms
D:8:      basic_altar, david_nohive_1, minmay_misc_feat_tower, trog_book,
          uniq_erica
D:9:      yredelemnul_forgotten_temple_becter, grunt_qazlal_clouds,
          nicolae_overflow_hidden_temple, slow_altar_2, uniq_joseph
D:11:     due_lair_maze_entry_diamond, lab_entry_generic,
          minmay_protected_statue, uniq_urug
Temple:   water_room_temple_a_12
Lair:1:   serial_forest, infiniplex_forest_end_1, infiniplex_forest_end_2,
          infiniplex_forest_side_room, infiniplex_forest_clump_diagonal,
          infiniplex_forest_clump_tiny, infiniplex_forest_straight_3,
          infiniplex_forest_lined_room_2, infiniplex_forest_corner_1,
          infiniplex_forest_side_room
Lair:2:   portal_ice_cave_entry_pillars_01, guppyfry_lair_drakes,
          infiniplex_staircase_pool, serial_bayou_shore_b
Lair:3:   grunt_megastairs_3, uniq_rupert, uniq_maud
Lab:      labyrinth_hidden_loot, nicolae_lab_x
IceCv:    ice_cave_small_giant

Action                   |  1- 3 |  4- 6 |  7- 9 | 10-12 || total
-------------------------+-------+-------+-------+-------++-------
Melee: Long sword        |   106 |   146 |   357 |       ||   609
       Scimitar          |       |       |    75 |   693 ||   768
Invok: Heroism           |       |       |       |     2 ||     2
       Finesse           |       |       |       |     2 ||     2
Evoke: Wand              |       |       |       |     5 ||     5
  Use: Scroll            |       |       |       |    27 ||    27
       Potion            |       |       |       |     6 ||     6
 Stab: Sleeping          |       |       |       |     2 ||     2
       Fleeing           |       |       |       |     2 ||     2
  Eat: Chunk             |     2 |     6 |    11 |    23 ||    42
       Fruit             |       |       |       |     3 ||     3
       Beef jerky        |       |       |       |     1 ||     1
